 Dungeon Crawl Stone Soup version 0.23.2-1-ga50397a (webtiles) character file.

Game seed: 18297113005916769687

3333 Gazerockf the Spear-Bearer (level 10, -10/60 HPs)
             Began as a Gargoyle Skald on May 5, 2019.
             Was a Priest of Nemelex Xobeh.
             Splashed by Erica's acid (14 damage)
             ... on level 8 of the Dungeon.
             The game lasted 00:32:29 (6117 turns).

Gazerockf the Spear-Bearer (Gargoyle Skald)         Turns: 6117, Time: 00:32:31

Health: -10/60     AC: 12    Str: 16    XL:     10   Next: 2%
Magic:  14/19      EV: 11    Int: 16    God:    Nemelex Xobeh [***...]
Gold:   367        SH:  0    Dex:  9    Spells: 14/21 levels left

rFire    . . .     SeeInvis .   j - +0 demon trident (venom)
rCold    . . .     Gourm    .   (no shield)
rNeg     + . .     Faith    .   b - +1 leather armour
rPois    ∞         Spirit   .   (no helmet)
rElec    +         Reflect  .   i - +0 cloak
rCorr    .         Harm     .   c - +2 pair of gloves
MR       .....                  o - +0 pair of boots
Stlth    +.........             (no amulet)
HPRegen  0.20/turn              n - ring of fire
MPRegen  0.16/turn              A - ring of ice

@: infused, corroded
A: negative energy resistance 1, electricity resistance, unbreathing,
petrification resistance, rot immunity, AC +7
a: Draw Escape, Draw Destruction, Draw Summoning, Triple Draw, Renounce Religion


You were on level 8 of the Dungeon.
You worshipped Nemelex Xobeh.
Nemelex Xobeh was most pleased with you.
You were not hungry.

You visited 2 branches of the dungeon, and saw 9 of its levels.

You collected 367 gold pieces.

Inventory:

Hand Weapons
 a - a +0 spear
 j - a +0 demon trident of venom (weapon)
 l - a +0 shortbow of freezing
 u - a +0 spear
 v - a +2 war axe of flaming
 y - a +0 glaive
 z - a +2 scythe of protection
Missiles
 B - 36 arrows
Armour
 b - a +1 leather armour (worn)
 c - a +2 pair of gloves (worn)
 i - a +0 cloak (worn)
 o - a +0 pair of boots (worn)
 q - a +0 shield
Jewellery
 n - a ring of fire (left hand)
 t - an uncursed ring of protection from fire
 A - a ring of ice (right hand)
Wands
 f - a wand of iceblast (19)
 D - a wand of clouds (6)
Scrolls
 h - a scroll of teleportation
 k - 3 scrolls of fear
 p - 3 scrolls of remove curse
 r - a scroll of magic mapping
Potions
 e - 3 potions of magic
 g - 2 potions of flight
 m - 3 potions of curing {unknown}
 s - a potion of agility
 w - 2 potions of mutation {unknown}
 x - 2 potions of berserk rage
 C - a potion of haste {unknown}
Comestibles
 d - 17 rations


   Skills:
 - Level 6.0 Fighting
 * Level 8.7 Polearms
 - Level 1.1 Armour
 - Level 1.5 Dodging
 - Level 6.0 Spellcasting
 - Level 6.3 Charms


You had 14 spell levels left.
You knew the following spells:

 Your Spells              Type           Power        Failure   Level  Hunger
a - Infusion              Chrm           ####         1%          1    None
b - Spectral Weapon       Hex/Chrm       ###.....     14%         3    ##.....
c - Regeneration          Chrm/Necr      ###.......   14%         3    ##.....

Your spell library contained the following spells:

 Spells                   Type           Power        Failure   Level  Hunger
 Song of Slaying          Chrm           ####....     1%          2    #......
 Shroud of Golubria       Chrm/Tloc      ###.......   7%          2    #......
 Animate Skeleton         Necr           N/A          17%         1    None
 Pain                     Necr           #...         17%         1    None
 Vampiric Draining        Necr           #.........   45%         3    ##.....
 Animate Dead             Necr           N/A          86%         4    ####...


Dungeon Overview and Level Annotations

Branches:
Dungeon (8/15)             Temple (1/1) D:4
   Lair: D:8-11

Altars:
Ashenzari
Cheibriados
Dithmenos
Elyvilon
Fedhas
Gozag
Hepliaklqana
Kikubaaqudgha
Makhleb
Nemelex Xobeh
Qazlal
Ru
Sif Muna
Trog
Vehumet
Wu Jian
Xom
Yredelemnul
Lugonu

Shops:
D:6 :

Annotations:
D:8 Erica


Innate Abilities, Weirdness & Mutations

You are resistant to torment.
Your stone body is resilient. (AC +7)
You are immune to poison.
You resist negative energy. (rN+)
You are resistant to electric shocks. (rElec)
You can survive without breathing.
You are immune to petrification.
You are immune to rotting.


Message History

You hear some strange, mumbled words.
An orb of energy appears from out of thin air!
The orb of energy hits you!!
The orb of energy explodes!
The mystic blast hits your spectral weapon!!
Your spectral weapon shares its damage with you!
Your spectral weapon fades away.
You hear a shout!
Something hits you but does no damage.
You closely miss something. Something hits you but does no damage.
You barely miss something. You closely miss something.
Something hits you but does no damage.
You miss something. Something hits you but does no damage.
You hit something!
You hear a zap.
A bolt of acid appears from out of thin air!
The bolt of acid hits you!
* * * LOW HITPOINT WARNING * * *
The acid corrodes you!
You are splashed with acid!
You die...
Your body glows slightly and disappears.

#.........###...........
##.######..<..............
.......##...##............
..?.......................
######......##............
####.#....................
#.#.##..)...............
#.#......................
#.####..@{.....?......... #.#
#..............$.... #.#
#...........=....... ####.#
#................... ######....#
#(.................. .....#....#
#............o......
..)..#....####...........[.......
.....#....'...............)......
.....#....####...................


There were no monsters in sight!

Vanquished Creatures
  Joseph (D:7)
  A hornet (D:7)
  A spriggan (D:7)
  Sigmund (D:6)
  A hungry ghost (D:8)
  An ice beast (D:5)
  A phantom (D:6)
  3 sky beasts
  A necrophage (D:7)
  A black bear (D:7)
  2 ogres (D:5)
  A centaur (D:7)
  A crocodile (D:8)
  2 bullfrogs (D:6)
  A scorpion (D:5)
  2 howler monkeys
  4 crimson imps
  A quasit (D:8)
  9 hounds
  A jelly (D:4)
  A centaur skeleton (D:6)
  3 orc priests
  2 bullfrog skeletons (D:5)
  2 iguanas (D:7)
  4 orc wizards
  7 worker ants
  A worker ant zombie (D:7)
  3 gnolls (D:6)
  10 adders
  2 oozes
  An adder skeleton (D:5)
  A worm (D:4)
  2 dart slugs
  3 leopard geckos
  7 orcs
  2 bat zombies (D:6)
  7 giant cockroaches
  8 goblins
  8 hobgoblins
  14 jackals
  5 kobolds
  2 quokkas
  3 ball pythons
  9 bats
  4 frilled lizards
  A leopard gecko skeleton (D:5)
  6 rats
154 creatures vanquished.

Vanquished Creatures (others)
  3 fungi (D:6)
  3 spectral weapons
6 creatures vanquished.

Grand Total: 160 creatures vanquished

Notes
Turn   | Place    | Note
-------+----------+-------------------------------------------
     0 | D:1      | Gazerockf the Gargoyle Skald began the quest for the Orb.
     0 | D:1      | Reached XP level 1. HP: 12/12 MP: 3/3
   183 | D:1      | Reached XP level 2. HP: 18/18 MP: 5/5
   370 | D:1      | You fall through a shaft!
   461 | D:2      | Reached XP level 3. HP: 22/22 MP: 0/6
   595 | D:2      | Found a sacrificial altar of Ru.
   609 | D:2      | Reached XP level 4. HP: 22/28 MP: 6/8
   721 | D:2      | Found a stormy altar of Qazlal.
   811 | D:2      | Learned a level 3 spell: Spectral Weapon
  1614 | D:3      | Reached XP level 5. HP: 32/32 MP: 9/9
  1650 | D:3      | Found an opulent altar of Gozag.
  1890 | D:3      | Found a blossoming altar of Fedhas.
  2103 | D:4      | Found a staircase to the Ecumenical Temple.
  2107 | D:5      | Entered Level 5 of the Dungeon
  2109 | D:5      | Reached XP level 6. HP: 5/38 MP: 0/11
  2385 | Temple   | Entered the Ecumenical Temple
  2428 | Temple   | Became a worshipper of Nemelex Xobeh the Trickster
  2461 | D:4      | Received a gift from Nemelex Xobeh
  2619 | D:4      | Learned a level 3 spell: Regeneration
  2865 | D:4      | Reached XP level 7. HP: 44/44 MP: 10/13
  2918 | D:4      | Found a snail-covered altar of Cheibriados.
  3093 | D:5      | Found a shadowy altar of Dithmenos.
  3166 | D:5      | Reached skill level 5 in Fighting
  3275 | D:5      | Found a shimmering altar of Xom.
  3276 | D:5      | Found a hazy altar of Hepliaklqana.
  3277 | D:5      | Noticed a spectral ugly thing
  3293 | D:5      | Reached * piety under Nemelex Xobeh
  3306 | D:5      | Reached skill level 5 in Charms
  3460 | D:5      | Reached skill level 5 in Spellcasting
  3460 | D:5      | Reached XP level 8. HP: 24/51 MP: 8/15
  3478 | D:5      | Reached skill level 2 in Polearms
  3529 | D:5      | Received a gift from Nemelex Xobeh
  3680 | D:5      | Found a bloodstained altar of Trog.
  3984 | D:6      | Reached skill level 3 in Polearms
  3986 | D:6      | Found a white marble altar of Elyvilon.
  4162 | D:6      | Reached skill level 4 in Polearms
  4241 | D:6      | Found a bloodstained altar of Trog.
  4282 | D:6      | Found Myir's Book Boutique.
  4353 | D:6      | Reached ** piety under Nemelex Xobeh
  4403 | D:6      | Received a gift from Nemelex Xobeh
  4472 | D:6      | Found a burning altar of Makhleb.
  4561 | D:6      | Noticed Sigmund
  4572 | D:6      | Killed Sigmund
  4572 | D:6      | Reached XP level 9. HP: 51/55 MP: 12/17
  4586 | D:6      | Identified a scroll of acquirement
  4821 | D:6      | Found an ancient bone altar of Kikubaaqudgha.
  4974 | D:7      | Reached skill level 5 in Polearms
  5040 | D:7      | Found an ornate altar of the Wu Jian Council.
  5049 | D:7      | Noticed a hornet
  5055 | D:7      | Killed a hornet
  5055 | D:7      | Reached skill level 6 in Polearms
  5106 | D:7      | Received a gift from Nemelex Xobeh
  5151 | D:7      | Noticed Joseph
  5171 | D:7      | Killed Joseph
  5171 | D:7      | Reached skill level 7 in Polearms
  5651 | D:8      | Reached skill level 8 in Polearms
  5704 | D:8      | Reached *** piety under Nemelex Xobeh
  5751 | D:8      | Noticed Erica
  5756 | D:8      | Received a gift from Nemelex Xobeh
  5760 | D:8      | Reached XP level 10. HP: 22/60 MP: 12/19
  6117 | D:8      | Splashed by Erica's acid

Skill      XL: |  1  2  3  4  5  6  7  8  9 |
---------------+----------------------------+-----
Charms         | 3 4 5 6 |  6.3
Fighting       | 3 4 6 |  6.0
Spellcasting   | 3 4 5 6 |  6.0
Polearms       | 4 8 |  8.7
Armour         | |  1.1
Dodging        | |  1.5

Action                   |  1- 3 |  4- 6 |  7- 9 | 10-12 || total
-------------------------+-------+-------+-------+-------++-------
Melee: Spear             |    62 |   171 |       |       ||   233
       War axe           |       |    81 |   167 |       ||   248
       Demon trident     |       |       |   126 |    12 ||   138
 Cast: Infusion          |     3 |     7 |    10 |     1 ||    21
       Spectral Weapon   |       |     4 |     6 |     1 ||    11
       Regeneration      |       |     2 |     3 |       ||     5
 Abil: Draw Summoning    |       |       |     1 |       ||     1
       Draw Destruction  |       |       |     2 |       ||     2
  Use: Scroll            |       |     3 |    12 |     2 ||    17
       Potion            |       |     3 |       |       ||     3
 Stab: Distracted        |       |       |     1 |       ||     1
  Eat: Chunk             |       |     8 |     4 |       ||    12
       Ration            |       |       |     2 |     1 ||     3
Armor: Leather armour    |    23 |   152 |   171 |     9 ||   355
Dodge: Dodged            |    24 |   177 |   186 |     2 ||   389
